 Dungeon Crawl Stone Soup version 0.30-a0-634-g8abc85282e (webtiles) character file.

Game seed: 13811083154410759008

75 vineage the Covered (level 4, 0/29 HPs)
             Began as a Gargoyle Fighter on Jan 14, 2023.
             Slain by Crazy Yiuf
             ... wielding a +2 quarterstaff of chaos
              (9 damage)
             ... on level 3 of the Dungeon.
             The game lasted 00:02:27 (2152 turns).

vineage the Covered (Gargoyle Fighter)              Turns: 2152, Time: 00:02:28

Health: 0/29       AC: 17    Str: 21    XL:     4   Next: 31%
Magic:  4/4        EV:  8    Int:  9    God:
Gold:   138        SH:  8    Dex:  9    Spells: 3/3 levels left

rFire   . . .      SeeInvis .    r - +0 mace (protect)
rCold   . . .      Faith    .    h - +0 kite shield
rNeg    + . .      Spirit   .    b - +0 scale mail
rPois   ∞          Reflect  .    (no helmet)
rElec   +          Harm     .    (no cloak)
rCorr   .          Rampage  .    (no gloves)
Will    .....                    (no boots) Stlth
                                 (no amulet)
HPRegen 0.24/turn                (no ring)
MPRegen 0.09/turn                (no ring)

@: mighty, under a protective aura
A: sickness immunity, AC +3, negative energy resistance 1, electricity
resistance, torment resistance 1, petrification resistance
a: no special abilities


You were on level 3 of the Dungeon.
You visited 1 branch of the dungeon, and saw 3 of its levels.

You collected 138 gold pieces.

Inventory:

Hand Weapons
 a - a +0 flail
 r - a +0 mace of protection (weapon)
Armour
 b - a +0 scale mail (worn)
 c - a +0 buckler
 h - a +0 kite shield (worn)
Scrolls
 f - 3 scrolls of amnesia
 k - a scroll of noise {unknown}
 m - a scroll of vulnerability {unknown}
 n - a scroll of summoning {unknown}
 o - a scroll of fear {unknown}
 p - a scroll of acquirement {unknown}
Potions
 d - a potion of might
 e - 2 potions of ambrosia {unknown}
 g - a potion of cancellation
 i - a potion of attraction {unknown}
 j - a potion of invisibility {unknown}
 l - a potion of resistance {unknown}
 q - a potion of mutation {unknown}
 s - a potion of magic {unknown}
 t - a potion of flight {unknown}


   Skills:
 + Level 3.8 Fighting
 * Level 3.2 Maces & Flails
 + Level 3.8 Armour
 + Level 3.8 Shields


You had 3 spell levels left.
You didn't know any spells.
Your spell library contained the following spells:

 Spells                   Type           Power      Damage    Failure   Level
 Shock                    Conj/Air       0%         1d3       97%         1
 Summon Small Mammal      Summ           0%         N/A       97%         1
 Call Canine Familiar     Summ           0%         N/A       100%        3
 Summon Guardian Golem    Hex/Summ       0%         N/A       100%        3
 Swiftness                Air            0%         N/A       100%        3
 Airstrike                Air            0%         2d(0-16)  100%        4


Dungeon Overview and Level Annotations

Branches:
Dungeon (3/15)

Altars:
Elyvilon

Shops:
D:2 :==

Annotations:
D:3 Crazy Yiuf


Innate Abilities, Weirdness & Mutations

You are immune to sickness and miasma.
Your stone body is resilient. (AC +3)
You are immune to poison.
You resist negative energy. (rN+)
You are resistant to electric shocks. (rElec)
You are resistant to unholy torment.
You are immune to petrification.


Message History

The giant cockroach is heavily wounded.
You block the giant cockroach's attack. The giant cockroach barely misses you.
You sock the giant cockroach!
You kill the giant cockroach!
No target in view!
No target in view!
No target in view!
No target in view!
Found a faded altar of an unknown god.
Found a hammer.
Found a runed translucent door.
Crazy Yiuf shouts!
Could not explore, unopened runed door.
You open the door. You hit Crazy Yiuf.
Your weapon exudes an aura of protection.
Crazy Yiuf is lightly wounded.
Crazy Yiuf screams, "Tosser!
Pitchfork action senile."
You block Crazy Yiuf's attack.
Crazy Yiuf hits you with a +2 quarterstaff of chaos!
Crazy Yiuf burns you.
You closely miss Crazy Yiuf.
Crazy Yiuf is lightly wounded.
You block Crazy Yiuf's attack.
You hit Crazy Yiuf.
Crazy Yiuf is lightly wounded.
Crazy Yiuf hits you with a +2 quarterstaff of chaos.
Crazy Yiuf freezes you.
You barely miss Crazy Yiuf.
Crazy Yiuf is lightly wounded.
Crazy Yiuf hits you with a +2 quarterstaff of chaos!
Crazy Yiuf burns you.
* * * LOW HITPOINT WARNING * * *
Crazy Yiuf hits you but does no damage.
You feel very mighty all of a sudden. You block Crazy Yiuf's attack.
You hit Crazy Yiuf.
Your weapon exudes an aura of protection.
Crazy Yiuf is moderately wounded.
Crazy Yiuf hits you with a +2 quarterstaff of chaos!
You die...

##..## #...#
#.#.# ###
##.#.#####.#
#####
##.#)#.....#
#..)#
.....).###.#
#...#
.#....<###.#
...
.####.))...#
#g# .#
#......#
♣♣@♣ .#
##.....#
♣.♣♣ .##
#......#
♣♣.♣ ..#
#......#
♣.♣♣
..###......#
♣♣.♣♣
...#.......#
♣.♣.♣♣
.#.#.#)...##
♣....♣
........###
#....#
.#.#.##..#
##..##


You could see Crazy Yiuf.

Vanquished Creatures
  2 adders
  A worm (D:2)
  5 orcs
  5 bats
  5 endoplasms
  A giant cockroach (D:3)
  6 goblins
  A hobgoblin (D:1)
  7 kobolds
  4 quokkas
  4 ball pythons
  5 rats
46 creatures vanquished.

Notes
Turn   | Place    | Note
-------+----------+-------------------------------------------
     0 | D:1      | vineage the Gargoyle Fighter began the quest for the Orb.
     0 | D:1      | Reached XP level 1. HP: 14/14 MP: 1/1
   175 | D:1      | Reached XP level 2. HP: 19/19 MP: 2/2
   789 | D:2      | Found Mircharph's Jewellery Shoppe.
   832 | D:2      | Reached XP level 3. HP: 21/23 MP: 3/3
   955 | D:2      | Found Zaetiux's Book Shop.
  1319 | D:2      | Found Bydown's Jewellery Shoppe.
  1630 | D:3      | Found a white marble altar of Elyvilon.
  1742 | D:2      | Reached XP level 4. HP: 11/29 MP: 4/4
  2069 | D:3      | Found a faded altar of an unknown god.
  2080 | D:3      | Found a runed translucent door.
  2081 | D:3      | Noticed Crazy Yiuf
  2152 | D:3      | Slain by Crazy Yiuf

Illustrated notes

Levels and vault maps discovered:
D:1:      mrwooster_arrival_arrow, layout_basic
D:2:      layout_loops_ring, serial_shops, nicolae_shop_behind_doors,
          nicolae_shop_hallway_plus, shop
D:3:      layout_rooms, elyvilon_altar_1, chequers_ecumenical_altar_island,
          minmay_misc_feat_x, minmay_misc_feat_four_crosses,
          uniq_crazy_yiuf_cottage

Skill      XL: |  1  2  3 |
---------------+----------+-----
Maces & Flails | 3 |  3.2
Fighting       | |  3.8
Armour         | |  3.8
Shields        | |  3.8

Action                   |  1- 3 |  4- 6 || total
-------------------------+-------+-------++-------
Melee: Flail             |   163 |     2 ||   165
       Mace              |       |    20 ||    20
  Use: Scroll            |     2 |       ||     2
       Potion            |       |     1 ||     1
Armor: Scale mail        |   103 |    15 ||   118
Dodge: Dodged            |    73 |    13 ||    86
Block: Buckler           |     2 |       ||     2
       Kite shield       |    90 |    14 ||   104

Table legend: (Time is in decaauts)
 A = Elapsed time spent in this place.
 B = Non-inter-level travel time spent in this place.
 C = Inter-level travel time spent in this place.
 D = Time resting spent in this place.
 E = Time spent auto-exploring this place.
 F = Levels seen in this place.
 G = Mean time per level.
                   A        B        C        D        E       F      G
               +--------+--------+--------+--------+--------+-----+--------+
         Total |   2230 |   2209 |     21 |     67 |   1668 |   3 |  743.3 |
       Dungeon |   2230 |   2209 |     21 |     67 |   1668 |   3 |  743.3 |
               +--------+--------+--------+--------+--------+-----+--------+

Top non-repeatable levels by time:
     D:1: 815 daAuts
     D:2: 730 daAuts
     D:3: 685 daAuts
